 Dungeon Crawl Stone Soup version 0.30-a0-422-g946f4849ff (webtiles) character file.

Game seed: 392989484747185864

54 LordRotharoth the Chiller (level 3, -5/25 HPs)
             Began as a Demonspawn Ice Elementalist on Dec 9, 2022.
             Slain by Sigmund
             ... wielding a +2 scythe of freezing
              (18 damage)
             ... on level 2 of the Dungeon.
             The game lasted 00:11:52 (1702 turns).

LordRotharoth the Chiller (DsIE)                    Turns: 1702, Time: 00:11:53

Health: -5/25      AC:  8    Str:  5 (6)  XL:     3   Next: 66%
Magic:  6/6        EV:  0    Int: 13 (16) God:
Gold:   102        SH:  0    Dex: 12 (15) Spells: 5/6 levels left

rFire   . . .      SeeInvis .    h - staff of earth
rCold   . . .      Faith    .    (no shield)
rNeg    . . .      Spirit   .    f - +0 chain mail
rPois   .          Reflect  .    (no helmet)
rElec   .          Harm     .    (no cloak)
rCorr   .          Rampage  .    (no gloves)
Will    .....                    (no boots)
Stlth   ..........               i - amulet of regeneration
HPRegen 1.04/turn                (no ring)
MPRegen 0.10/turn                (no ring)

@: confused
A: large bone plates 1, weak 1, MP-powered wands
a: no special abilities


You were on level 2 of the Dungeon.
You visited 1 branch of the dungeon, and saw 2 of its levels.

You collected 102 gold pieces.

Inventory:

Missiles
 c - 10 stones
Armour
 f - a +0 chain mail (worn)
Magical Staves
 h - a staff of earth (weapon)
Jewellery
 i - an amulet of regeneration (around neck)
Scrolls
 a - a scroll of blinking
 g - 2 scrolls of identify
Potions
 b - a potion of magic
 d - a potion of might
 e - a potion of ambrosia {unknown}


   Skills:
 + Level 0.3 Fighting
 + Level 0.6 Short Blades
 + Level 0.4 Armour
 + Level 2.0 Dodging
 + Level 1.8 Stealth
 + Level 0.7 Shields
 + Level 2.4 Spellcasting
 + Level 4.1 Ice Magic


You had 5 spell levels left.
You knew the following spells:

 Your Spells              Type           Power      Damage    Failure   Level
a - Freeze                Ice            48%        1d6       100%        1

Your spell library contained the following spells:

 Spells                   Type           Power      Damage    Failure   Level
 Frozen Ramparts          Ice            24%        1d4       100%        3
 Inner Flame              Hex/Fire       1%         N/A       100%        3
 Ozocubu's Armour         Ice            12%        N/A       100%        3
 Flame Wave               Conj/Fire      1%         2d4       100%        4
 Sticky Flame             Conj/Fire      1%         2d3       100%        4
 Summon Ice Beast         Ice/Summ       6%         N/A       100%        4


Dungeon Overview and Level Annotations

Branches:
Dungeon (2/15)

Altars:

Annotations:
D:2 Sigmund


Innate Abilities, Weirdness & Mutations

You are partially covered in large bone plates. (SH +4)
You are weak. (Str -2)
You expend magic power (3 MP) to strengthen your wands.


Message History

The hobgoblin shouts!
Found 8 gold pieces and a cyan potion.
You block the hobgoblin's attack.
There is an open door here.
You hit the hobgoblin.
The hobgoblin is heavily wounded.
The hobgoblin hits you but does no damage.
You hit the hobgoblin.
You kill the hobgoblin!
Sigmund the Dreaded comes into view.
He is wielding a +2 scythe of freezing and wearing a +1 robe of positive energy.
Sigmund shouts!
You see here 8 gold pieces.
Sigmund says, "Your kind have come here before.
I understand now why.
You desire death..."
You see here 8 gold pieces.
You now have 102 gold pieces (gained 8).
Sigmund gestures at you while chanting.
The puff of flame hits you but does no damage.
Sigmund says, "Now you see me, now you don't..."
Sigmund hits you from afar with a +2 scythe of freezing.
Sigmund freezes you. You block Sigmund's attack.
You closely miss Sigmund.
Sigmund drinks a potion.
Sigmund seems to grow stronger.
You hit Sigmund but do no damage.
Sigmund hits you with a +2 scythe of freezing!
Sigmund freezes you.
You hit Sigmund.
Sigmund is lightly wounded.
You hit Sigmund.
Sigmund is lightly wounded.
Sigmund hits you with a +2 scythe of freezing.
Sigmund freezes you.
You barely miss Sigmund.
Sigmund is lightly wounded.
Sigmund gestures at you while chanting.
You are confused.
Sigmund attacks as you move away!
Sigmund hits you with a +2 scythe of freezing!!
Ouch! That really hurt!
You die...

.# .# .# # #.# ##.##
.####+#.# #... .#
.......# #..# .#
##.....## #..##.##
##.......##
##..#...####....@....#
.........^.+....@....+
##......# #!........#
#......## ##.......##
.......## ##.....##
........# ##...##
...)...## ##'##
#.....## #.# ##....#
#.# ##.#.# ##.##


You could see Sigmund (strong).

Vanquished Creatures
  4 dart slugs
  5 ball pythons
  4 endoplasms
  2 goblins (D:1)
  5 hobgoblins
  8 jackals
  2 quokkas
  A bat (D:2)
  4 frilled lizards
  4 kobolds
  3 rats
42 creatures vanquished.

Notes
Turn   | Place    | Note
-------+----------+-------------------------------------------
     0 | D:1      | LordRotharoth the Demonspawn Ice Elementalist began the
                  | quest for the Orb.
     0 | D:1      | Reached XP level 1. HP: 13/13 MP: 3/3
   353 | D:1      | Gained mutation: You are partially covered in large bone
                  | plates. (SH +4) [demonic ancestry]
   353 | D:1      | Reached XP level 2. HP: 13/19 MP: 3/5
   544 | D:1      | Reached skill level 4 in Ice Magic
   764 | D:1      | Reached XP level 3. HP: 24/24 MP: 6/6
  1430 | D:2      | Gained mutation: You are weak. (Str -2) [potion of
                  | mutation]
  1430 | D:2      | Gained mutation: You expend magic power (3 MP) to
                  | strengthen your wands. [potion of mutation]
  1688 | D:2      | Noticed Sigmund
  1702 | D:2      | Slain by Sigmund

Illustrated notes

Levels and vault maps discovered:
D:1:      ncdulo_halloftheorcs, layout_basic, hangedman_decor_diamond_cutter,
          minivault_23, nicolae_concentric_dashed_squares_mild
D:2:      layout_loops_corners, minmay_hexomino_f4, uniq_natasha, uniq_sigmund

Skill      XL: |  1  2 |
---------------+-------+-----
Ice Magic      | 4 |  4.1
Dodging        | 2 |  2.0
Fighting       | |  0.3
Short Blades   | |  0.6
Armour         | |  0.4
Stealth        | |  1.8
Shields        | |  0.7
Spellcasting   | |  2.4

Action                   || total
-------------------------++-------
Melee: Short sword       ||    83
       Unarmed           ||     3
       Punch             ||     1
       Staff             ||    19
 Cast: Freeze            ||    12
  Use: Potion            ||     5
       Scroll            ||     4
Armor: Robe              ||     4
       Chain mail        ||    95
Dodge: Dodged            ||    23
Block: Other             ||    28

Table legend: (Time is in decaauts)
 A = Elapsed time spent in this place.
 B = Non-inter-level travel time spent in this place.
 C = Inter-level travel time spent in this place.
 D = Time resting spent in this place.
 E = Time spent auto-exploring this place.
 F = Levels seen in this place.
 G = Mean time per level.
                   A        B        C        D        E       F      G
               +--------+--------+--------+--------+--------+-----+--------+
         Total |   1704 |   1704 |      0 |    420 |    291 |   2 |  852.0 |
       Dungeon |   1704 |   1704 |      0 |    420 |    291 |   2 |  852.0 |
               +--------+--------+--------+--------+--------+-----+--------+

Top non-repeatable levels by time:
     D:1: 937 daAuts
     D:2: 766 daAuts
